 Dungeon Crawl Stone Soup version 0.29-a0-315-gaf6dd05e2f (webtiles) character file.

Game seed: 17009953684759641141

1628 funkygono the Firebug (level 8, -1/42 HPs)
             Began as a Gargoyle Fire Elementalist on Mar 29, 2022.
             Slain by a troll (11 damage)
             ... on level 5 of the Dungeon.
             The game lasted 00:12:49 (7223 turns).

funkygono the Firebug (Gargoyle Fire Elementalist)  Turns: 7223, Time: 00:12:50

Health: -1/42      AC: 18    Str: 12    XL:     8   Next: 97%
Magic:  10/17      EV: 12    Int: 18    God:
Gold:   1288       SH:  0    Dex: 10    Spells: 6/19 levels left

rFire   . . .      SeeInvis .   v - +1 mace (protect)
rCold   . . .      Faith    .   (no shield)
rNeg    + . .      Spirit   .   a - +0 robe
rPois   ∞          Reflect  .   e - +1 helmet
rElec   +          Harm     .   (no cloak)
rCorr   .          Rampage  .   k - +1 pair of gloves {infuse}
Will    .....                   (no boots)
Stlth   ++........              (no amulet)
HPRegen 0.14/turn               (no ring)
MPRegen 0.15/turn               (no ring)

@: under a protective aura
A: sickness immunity, AC +5, negative energy resistance 1, electricity
resistance, torment resistance 1, petrification resistance
a: no special abilities


You were on level 5 of the Dungeon.
You visited 1 branch of the dungeon, and saw 5 of its levels.
You also visited: Sewer.

You collected 1288 gold pieces.

Inventory:

Hand Weapons
 d - a +0 whip
 v - a +1 mace of protection (weapon)
 A - a +0 whip of pain
Missiles
 c - 137 stones
 n - 3 throwing nets
Armour
 a - a +0 robe (worn)
 e - a +1 helmet (worn)
 k - a +1 pair of gloves of infusion (worn)
 p - a +0 pair of gloves
 w - the +1 ring mail "Mefiteck" {Stlth+}
   (You found it on level 3 of the Dungeon)

   Stlth:     It makes you more stealthy.
Magical Staves
 h - a staff of earth
 m - a staff of death
 B - a staff of fire
Scrolls
 f - a scroll of enchant armour
 g - 4 scrolls of teleportation
 q - a scroll of blinking
 s - a scroll of fog
 y - 2 scrolls of brand weapon {unknown}
 F - 3 scrolls of identify
Potions
 b - 4 potions of magic
 i - 2 potions of flight
 j - a potion of lignification
 l - 6 potions of heal wounds
 o - a potion of might {unknown}
 r - a potion of ambrosia {unknown}
 t - a potion of attraction {unknown}
 u - a potion of brilliance {unknown}
 x - a potion of mutation {unknown}
 z - 3 potions of curing {unknown}
 C - 3 potions of degeneration {unknown}
 D - a potion of cancellation {unknown}
 E - 2 potions of haste {unknown}
 G - 2 potions of invisibility {unknown}


   Skills:
 + Level 0.6 Fighting
 + Level 1.5 Maces & Flails
 + Level 2.9 Dodging
 - Level 2.1 Stealth
 * Level 6.1 Spellcasting
 * Level 5.3 Conjurations
 * Level 6.8 Fire Magic
 * Level 2.3 Earth Magic


You had 6 spell levels left.
You knew the following spells:

 Your Spells              Type           Power      Damage    Failure   Level
a - Foxfire               Conj/Fire      100%       2x1d9     1%          1
b - Scorch                Fire           60%        2d8       1%          2
c - Conjure Flame         Conj/Fire      27%        6-21      3%          3
d - Flame Wave            Conj/Fire      27%        2d7       10%         4
e - Stone Arrow           Conj/Erth      38%        3d9       8%          3

Your spell library contained the following spells:

 Spells                   Type           Power      Damage    Failure   Level
 Sandblast                Erth           26%        2d8       4%          1
 Inner Flame              Hex/Fire       17%        N/A       9%          3
 Passwall                 Tmut/Erth      7%         N/A       11%         2
 Dazzling Flash           Conj/Hex       30%        N/A       12%         3
 Iskenderun's Mystic Bla  Conj/Tloc      15%        2d5       36%         4
 Starburst                Conj/Fire      13%        6d6       83%         6


Dungeon Overview and Level Annotations

Branches:
Dungeon (5/15)              Sewer (visited)
 Temple: D:4-7

Altars:
Elyvilon

Annotations:
D:4 2 runed translucent doors, Exponent's ghost, amateur DrMo


Innate Abilities, Weirdness & Mutations

You are immune to sickness and miasma.
Your stone body is resilient. (AC +5)
You are immune to poison.
You resist negative energy. (rN+)
You are resistant to electric shocks. (rElec)
You are resistant to unholy torment.
You are immune to petrification.


Message History

The foxfire hits the white imp but does no damage.
Casting: Foxfire (safe; 1% risk of failure)
Confirm with . or Enter, or press ? or * to list all spells.
Flames lash the white imp.
The white imp is burned terribly!
You kill the white imp!
Unknown command.
Your foxfire dissipates!
A troll comes into view.
The troll shouts!
A troll is nearby!
Casting: Scorch (safe; 1% risk of failure)
Confirm with . or Enter, or press ? or * to list all spells.
You conjure some foxfire!
The foxfire hits the troll.
The troll is lightly wounded.
Casting: Foxfire (safe; 1% risk of failure)
Confirm with . or Enter, or press ? or * to list all spells.
Flames lash the troll.
The troll is moderately wounded.
The troll's fire resistance burns away.
Unknown command.
You hit the troll.
Your weapon exudes an aura of protection.
The troll is moderately wounded.
The troll misses you. The troll closely misses you. x2
You sock the troll!
The troll is heavily wounded.
The troll bites you. The troll claws you! The troll barely misses you.
The troll bites you. The troll misses you. The troll closely misses you.
Casting: Scorch (safe; 1% risk of failure)
Confirm with . or Enter, or press ? or * to list all spells.
Flames lash the troll.
The troll is burned terribly!
The troll is severely wounded.
The troll completely misses you. The troll claws you but does no damage.
The troll claws you!
You sock the troll!
The troll is almost dead.
The troll bites you but does no damage. The troll claws you!
* * * LOW HITPOINT WARNING * * *
The troll claws you!
You die...

..)..##.# ##.##
#.#.#######.##. ##.#.##.#
#..# #.#............ #.#.##.#
##.# #.########.#### #.#.##.#
#.# #.# #.# #.#.##.# #.# #.#
#.#
#.#.##.###########.########.#
#.#.##..#....#..............#
#.#.###.#.88)################
#.#.# #.#.88.##@T..# ##.#.#
#.'....#.####..# ...#.#
######†#.# ####.# #..#.# #)#
##..#.## #)# #†####.# #
#)######.# #.###..#
#......#.# #.#[(#
######.#.####.#)(#


You could see a troll (combustible).

Vanquished Creatures
  Menkaure (D:4)
  2 water moccasins (D:5)
  A black bear (D:5)
  Pargi (Sewer)
  2 ogres (D:5)
  A bullfrog (D:3)
  A scorpion (D:3)
  A gnoll sergeant (D:5)
  3 howler monkeys (D:5)
  A hound (D:3)
  A gnoll shaman (D:4)
  5 iguanas
  An orc wizard (D:3)
  Robin (D:4)
  13 adders
  10 gnolls
  A shadow imp (D:4)
  2 white imps (D:5)
  An ufetubus (D:4)
  2 worms (D:2)
  4 dart slugs
  11 orcs
  12 ball pythons
  5 bats
  18 endoplasms
  4 giant cockroaches
  10 hobgoblins
  7 jackals (D:3)
  9 quokkas
  14 frilled lizards
  17 goblins
  2 kobolds (D:2)
  4 rats (D:1)
168 creatures vanquished.

Vanquished Creatures (others)
  524 foxfires
524 creatures vanquished.

Grand Total: 692 creatures vanquished

Notes
Turn   | Place    | Note
-------+----------+-------------------------------------------
     0 | D:1      | funkygono the Gargoyle Fire Elementalist began the quest
                  | for the Orb.
     0 | D:1      | Reached XP level 1. HP: 10/10 MP: 3/3
   129 | D:1      | Reached XP level 2. HP: 15/15 MP: 1/5
   249 | D:1      | Learned a level 2 spell: Scorch
   398 | D:1      | Found a faded altar of an unknown god.
   811 | D:1      | Reached XP level 3. HP: 19/19 MP: 3/6
   815 | D:1      | Learned a level 3 spell: Conjure Flame
  1511 | D:2      | Reached XP level 4. HP: 24/24 MP: 0/8
  2404 | D:2      | Identified a scroll of acquirement
  2404 | D:2      | Acquired 614 gold pieces
  2703 | D:3      | Reached XP level 5. HP: 28/28 MP: 5/9
  3272 | D:3      | Identified the +1 ring mail "Mefiteck" {Stlth+}
  3486 | D:3      | Learned a level 4 spell: Flame Wave
  3529 | D:3      | Reached XP level 6. HP: 30/32 MP: 6/11
  3587 | D:3      | Reached skill level 1 in Maces & Flails
  3587 | D:3      | Reached skill level 5 in Fire Magic
  3688 | D:4      | Found a glowing drain.
  3697 | Sewer    | Entered a sewer
  3783 | Sewer    | Noticed Pargi
  3795 | Sewer    | Killed Pargi
  3796 | Sewer    | Reached XP level 7. HP: 11/36 MP: 4/13
  4306 | D:4      | Found a runed translucent door.
  4314 | D:4      | Noticed Exponent's ghost (amateur DrMo)
  4383 | D:4      | Found a runed translucent door.
  4449 | D:4      | Noticed Menkaure
  4452 | D:4      | Killed Menkaure
  5335 | D:4      | Noticed Robin
  5380 | D:4      | Killed Robin
  5615 | D:4      | Learned a level 3 spell: Stone Arrow
  5638 | D:5      | Entered Level 5 of the Dungeon
  5782 | D:5      | Reached XP level 8. HP: 36/42 MP: 5/15
  5784 | D:5      | Reached skill level 5 in Spellcasting
  6062 | D:5      | Reached skill level 1 in Earth Magic
  6389 | D:5      | Found a white marble altar of Elyvilon.
  6714 | D:5      | Reached skill level 5 in Conjurations
  7206 | D:5      | Noticed a troll
  7223 | D:5      | Slain by a troll

Illustrated notes

Levels and vault maps discovered:
D:1:      minmay_arrival_open_corners, layout_rooms,
          dilly_ecumenical_altar_fadedgnrine, lemuel_another_geyser
D:2:      layout_loops_ring, minmay_three_crescents
D:3:      layout_basic, minmay_fountain_box, minmay_tree_intersection
D:4:      minmay_polygon_palace, layout_rooms, portal_sewer_entry_d,
          ebering_ghost_sewer_f, chequers_garden, uniq_robin, uniq_menkaure
D:5:      minmay_chambers_of_fours, layout_loops_ring, minivault_23,
          minmay_ruined_shrine

Skill      XL: |  1  2  3  4  5  6  7  8 |
---------------+-------------------------+-----
Fire Magic     | 4 5 6 |  6.8
Conjurations   | 2 3 4 5 |  5.3
Spellcasting   | 3 4 6 |  6.1
Maces & Flails | 1 |  1.5
Dodging        | 2 |  2.9
Earth Magic    | 2 |  2.3
Fighting       | |  0.6
Stealth        | |  2.1

Action                   |  1- 3 |  4- 6 |  7- 9 || total
-------------------------+-------+-------+-------++-------
Melee: Whip              |    17 |    12 |       ||    29
       Punch             |     1 |       |     1 ||     2
       Mace              |       |    11 |    37 ||    48
 Cast: Foxfire           |    54 |   101 |   158 ||   313
       Scorch            |     5 |    10 |    21 ||    36
       Conjure Flame     |       |       |     1 ||     1
  Use: Scroll            |     3 |     6 |     2 ||    11
       Potion            |       |     1 |       ||     1
Armor: Robe              |    12 |    66 |    74 ||   152
       Skin              |       |     4 |       ||     4
Dodge: Dodged            |    20 |   124 |   101 ||   245

Table legend: (Time is in decaauts)
 A = Elapsed time spent in this place.
 B = Non-inter-level travel time spent in this place.
 C = Inter-level travel time spent in this place.
 D = Time resting spent in this place.
 E = Time spent auto-exploring this place.
 F = Levels seen in this place.
 G = Mean time per level.
                   A        B        C        D        E       F      G
               +--------+--------+--------+--------+--------+-----+--------+
         Total |   7290 |   7192 |     98 |    583 |   5322 |   6 | 1215.0 |
       Dungeon |   6720 |   6622 |     98 |    345 |   5073 |   5 | 1344.0 |
         Sewer |    570 |    570 |      0 |    238 |    249 |   1 |  570.0 |
               +--------+--------+--------+--------+--------+-----+--------+

Top non-repeatable levels by time:
     D:5: 1587 daAuts
     D:2: 1451 daAuts
     D:4: 1451 daAuts
     D:3: 1239 daAuts
     D:1: 989 daAuts
   Sewer: 570 daAuts
